 Dungeon Crawl Stone Soup version 0.28-a0-1339-ga5422284a4 (webtiles) character file.

Game seed: 11707337920142462587

338 bande the Covered (level 6, -5/38 HPs)
             Began as a Gargoyle Fighter on Dec 29, 2021.
             Slain by a gnoll sergeant (7 damage)
             ... on level 3 of the Dungeon.
             The game lasted 00:05:14 (3868 turns).

bande the Covered (Gargoyle Fighter)                Turns: 3868, Time: 00:05:15

Health: -5/38      AC: 13    Str: 19    XL:     6   Next: 55%
Magic:  6/6        EV:  9    Int:  9    God:
Gold:   135        SH:  4    Dex: 11    Spells: 5/5 levels left

rFire   . . .      SeeInvis .   a - +0 war axe
rCold   . . .      Faith    .   c - +0 buckler
rNeg    + . .      Spirit   .   b - +0 scale mail
rPois   ∞          Reflect  .   (no helmet)
rElec   +          Harm     .   f - +1 cloak
rCorr   .          Rampage  .   (no gloves)
Will    .....                   (no boots)
Stlth   ..........              (no amulet)
HPRegen 0.12/turn               (no ring)
MPRegen 0.10/turn               (no ring)

@: no status effects
A: sickness immunity, AC +4, negative energy resistance 1, electricity
resistance, torment resistance 1, petrification resistance
a: no special abilities


You were on level 3 of the Dungeon.
You visited 1 branch of the dungeon, and saw 3 of its levels.

You collected 135 gold pieces.

Inventory:

Hand Weapons
 a - a +0 war axe (weapon)
 p - a +0 flail
Armour
 b - a +0 scale mail (worn)
 c - a +0 buckler (worn)
 f - a +1 cloak (worn)
Jewellery
 i - a ring of wizardry
 j - a ring of positive energy
 s - a ring of protection from fire
Wands
 g - a wand of flame (22)
 h - a wand of digging (6)
 n - a wand of iceblast (9)
Scrolls
 e - 2 scrolls of teleportation
 l - a scroll of amnesia
 r - a scroll of enchant armour
Potions
 d - a potion of might
 k - a potion of ambrosia {unknown}
 m - a potion of attraction {unknown}
 o - a potion of resistance
 q - a potion of flight {unknown}


   Skills:
 + Level 4.2 Fighting
 + Level 4.0 Axes
 + Level 4.7 Armour
 + Level 4.0 Shields
 * Level 1.8 Evocations


You had 5 spell levels left.
You didn't know any spells.
Your spell library contained the following spells:

 Spells                   Type           Power      Damage    Failure   Level
 Magic Dart               Conj           0%         1d3       75%         1
 Call Imp                 Summ           0%         N/A       86%         2
 Mephitic Cloud           Conj/Pois/Air  0%         N/A       98%         3


Dungeon Overview and Level Annotations

Branches:
Dungeon (3/15)

Altars:

Shops:
D:1 [


Innate Abilities, Weirdness & Mutations

You are immune to sickness and miasma.
Your stone body is resilient. (AC +4)
You are immune to poison.
You resist negative energy. (rN+)
You are resistant to electric shocks. (rElec)
You are resistant to unholy torment.
You are immune to petrification.


Message History

The kobold closely misses you.
The gnoll sergeant hits you from afar with a +0 spear.
You are too injured to fight recklessly!
You are too injured to fight recklessly!
You are too injured to fight recklessly!
You are too injured to fight recklessly!
You are too injured to fight recklessly!
You are too injured to fight recklessly!
You are too injured to fight recklessly!
You are too injured to fight recklessly!
You are too injured to fight recklessly!
You are too injured to fight recklessly!
You are too injured to fight recklessly!
You are too injured to fight recklessly!
You are too injured to fight recklessly!
You are too injured to fight recklessly!
You are too injured to fight recklessly!
You completely miss the kobold. The kobold hits you but does no damage.
The gnoll sergeant hits you from afar with a +0 spear.
Your scale mail prevents you from hitting the kobold.
The kobold misses you.
The gnoll sergeant hits you but does no damage.
You hit the kobold.
The kobold is moderately wounded.
The kobold hits you but does no damage.
The gnoll sergeant hits you from afar with a +0 spear.
* * * LOW HITPOINT WARNING * * *
The kobold closely misses you.
You slash the kobold!
You kill the kobold!
The gnoll sergeant hits you but does no damage. x2
The gnoll sergeant hits you but does no damage.
There is an open door, spattered with blood here.
Items here: ( )) †.
The gnoll sergeant hits you with a +0 spear!
* * * LOW HITPOINT WARNING * * *
You hit the gnoll sergeant.
The gnoll sergeant is lightly wounded.
The gnoll sergeant hits you with a +0 spear!
You die...

#################### #
..#............#g..#...#
..#...#..##....)@..'....
....#.#.....##.#...#...#
.#..#...##.....##### #
.#............(...
##...........#####
...########### ##.# #.#
#.#


You could see a gnoll sergeant.

Vanquished Creatures
  A scorpion (D:3)
  An orc priest (D:3)
  Ijyb (D:3)
  Natasha (thrice) (D:3)
  3 gnolls (D:3)
  6 adders
  4 orcs (D:3)
  7 bats
  3 endoplasms
  4 giant cockroaches
  6 goblins
  2 hobgoblins (D:2)
  A quokka (D:3)
  2 ball pythons (D:2)
  4 frilled lizards
  8 kobolds
  10 rats
66 creatures vanquished.

Notes
Turn   | Place    | Note
-------+----------+-------------------------------------------
     0 | D:1      | bande the Gargoyle Fighter began the quest for the Orb.
     0 | D:1      | Reached XP level 1. HP: 14/14 MP: 1/1
    84 | D:1      | Found Zommiv's Armour Shop.
   228 | D:1      | Reached XP level 2. HP: 8/19 MP: 2/2
  1019 | D:2      | Reached XP level 3. HP: 18/23 MP: 3/3
  2178 | D:3      | Reached XP level 4. HP: 20/29 MP: 4/4
  2433 | D:3      | Reached XP level 5. HP: 21/33 MP: 5/5
  2674 | D:3      | Noticed Natasha
  2682 | D:3      | Killed Natasha
  2683 | D:3      | Reached skill level 1 in Evocations
  2766 | D:3      | Noticed Ijyb
  2767 | D:3      | Noticed Natasha
  2781 | D:3      | Killed Ijyb
  2784 | D:3      | Killed Natasha
  3267 | D:3      | Noticed Natasha
  3280 | D:3      | Killed Natasha
  3281 | D:3      | Reached XP level 6. HP: 31/38 MP: 6/6
  3868 | D:3      | Slain by a gnoll sergeant

Illustrated notes

Levels and vault maps discovered:
D:1:      amcnicky_arrival_flooded_fountain, layout_basic, serial_shops,
          nicolae_shop_crystal, minmay_misc_feat_tiny
D:2:      layout_basic
D:3:      minmay_thinvault, layout_rooms, uniq_natasha, uniq_ijyb

Skill      XL: |  1  2  3  4  5  6 |
---------------+-------------------+-----
Axes           | 2 3 4 |  4.0
Armour         | 4 |  4.7
Evocations     | 1 |  1.8
Fighting       | 4 |  4.2
Shields        | 4 |  4.0

Action                   |  1- 3 |  4- 6 || total
-------------------------+-------+-------++-------
Melee: War axe           |   121 |   130 ||   251
  Use: Scroll            |     5 |     1 ||     6
       Potion            |       |     1 ||     1
Armor: Scale mail        |    79 |    75 ||   154
Dodge: Dodged            |    69 |    62 ||   131
Block: Buckler           |    31 |    30 ||    61

Table legend: (Time is in decaauts)
 A = Elapsed time spent in this place.
 B = Non-inter-level travel time spent in this place.
 C = Inter-level travel time spent in this place.
 D = Time resting spent in this place.
 E = Time spent auto-exploring this place.
 F = Levels seen in this place.
 G = Mean time per level.
                   A        B        C        D        E       F      G
               +--------+--------+--------+--------+--------+-----+--------+
         Total |   3974 |   3974 |      0 |   1430 |   1828 |   3 | 1324.7 |
       Dungeon |   3974 |   3974 |      0 |   1430 |   1828 |   3 | 1324.7 |
               +--------+--------+--------+--------+--------+-----+--------+

Top non-repeatable levels by time:
     D:3: 1775 daAuts
     D:2: 1167 daAuts
     D:1: 1032 daAuts
